 Dungeon Crawl Stone Soup version 0.29-a0-876-gfc89b1a5bd (webtiles) character file.

Game seed: 16456306412868038309

15 jimonade the Ducker (level 2, -6/23 HPs)
             Began as a Djinni Gladiator on July 19, 2022.
             Frozen to death by an endoplasm (7 damage)
             ... on level 1 of the Dungeon.
             The game lasted 00:01:41 (614 turns).

jimonade the Ducker (Djinni Gladiator)               Turns: 614, Time: 00:01:41

Health: -6/23      AC:  4    Str: 13    XL:     2   Next: 65%
Gold:   83         EV: 12    Int:  9    God:
                   SH:  0    Dex: 14

rFire   + + .      SeeInvis .   a - +0 quarterstaff
rCold   x . .      Faith    .   (shield currently unavailable)
rNeg    . . .      Spirit   .   b - +0 leather armour
rPois   ∞          Reflect  .   c - +0 helmet
rElec   .          Harm     .   (no cloak)
rCorr   .          Rampage  .   (no gloves)
Will    .....                   (boots unavailable)
Stlth   +.........              (no amulet)
HPRegen 0.07/turn               (no ring)
MPRegen 0.00/turn               (no ring)

@: flying
A: sickness immunity, fire resistance 2, cold vulnerability 1, float, innate
caster, HP casting, extra vitality 1
a: no special abilities


You were on level 1 of the Dungeon.
You visited 1 branch of the dungeon, and saw 1 of its levels.

You collected 83 gold pieces.

Inventory:

Hand Weapons
 a - a +0 quarterstaff (weapon)
Missiles
 d - 3 throwing nets (quivered)
 e - a javelin
Armour
 b - a +0 leather armour (worn)
 c - a +0 helmet (worn)
Jewellery
 f - a +4 ring of protection
Scrolls
 g - 2 scrolls of teleportation {unknown}
 h - a scroll of vulnerability {unknown}
 j - a scroll of fear {unknown}
 l - 2 scrolls of poison {unknown}
 m - a scroll of identify {unknown}
Potions
 i - a potion of mutation {unknown}
 k - a potion of degeneration {unknown}


   Skills:
 * Level 2.1 Fighting
 + Level 3.0 Staves
 - Level 1.5 Throwing
 + Level 0.1 Armour
 + Level 3.5 Dodging
 * Level 0.1 Spellcasting


You had one spell level left.
You didn't know any spells.
Your spell library was empty.

Dungeon Overview and Level Annotations

Branches:
Dungeon (1/15)

Altars:

Shops:
D:1 =


Innate Abilities, Weirdness & Mutations

You are immune to sickness and miasma.
You are immune to poison.
Your flesh is very heat resistant. (rF++)
You are vulnerable to cold. (rC-)
You float through the air rather than walking.
You learn spells naturally, not from books.
Your magical power is your life essence.
You have superior vitality. (+4 MHP)


Message History

You hit the endoplasm but do no damage.
The endoplasm is heavily wounded.
The endoplasm barely misses you. The endoplasm freezes you.
You are frozen!
You feel a terrible chill!
You hit the endoplasm but do no damage.
The endoplasm is heavily wounded.
The endoplasm closely misses you. The endoplasm freezes you.
You are frozen.
You feel a terrible chill! The endoplasm closely misses you.
The endoplasm hits you but does no damage.
You are too injured to fight recklessly!
You are too injured to fight recklessly!
Unknown command.
You barely miss the goblin.
The endoplasm hits you but does no damage.
The goblin hits you but does no damage. The endoplasm closely misses you.
You hit the endoplasm but do no damage.
The endoplasm is heavily wounded.
The endoplasm hits you but does no damage.
The goblin hits you with a +0 dagger.
The endoplasm hits you but does no damage.
You hit the endoplasm but do no damage.
The endoplasm is heavily wounded.
The endoplasm barely misses you. The goblin hits you with a +0 dagger.
* * * LOW HITPOINT WARNING * * *
The endoplasm freezes you.
You are frozen.
You feel a terrible chill!
* * * LOW HITPOINT WARNING * * *
Unknown command.
Unknown command.
Unknown command.
You sock the endoplasm!
You kill the endoplasm!
The endoplasm misses you. The goblin closely misses you.
You hit the endoplasm.
The endoplasm is lightly wounded.
The endoplasm freezes you.
You are frozen!
You feel a terrible chill!
You die...

#....≈≈≈≈≈≈ ..#.
.# #.≈≈≈≈≈≈#≈≈
#.#.##.#
#≈≈≈#≈≈≈#≈≈
#.......
#≈≈≈#≈≈≈#≈≈
.......
#≈≈≈#≈≈≈#≈≈ .....#
#≈≈≈#≈≈≈#≈≈ #..#J#
#≈≈≈#≈≈≈#≈≈
#g.#.##
#...#...#..
#@#..###...#...#..
#.J....##'##...#..
###....#..###..#..
#....#....#'##..
#....##......##'
#.....###.......
#.......#####...
#.....>.....####
##..............


You could see an endoplasm and a goblin.

Vanquished Creatures
  2 ball pythons (D:1)
  An endoplasm (D:1)
  2 goblins (D:1)
  3 hobgoblins (D:1)
  A kobold (D:1)
  A bat (D:1)
  2 frilled lizards (D:1)
  2 rats (D:1)
14 creatures vanquished.

Notes
Turn   | Place    | Note
-------+----------+-------------------------------------------
     0 | D:1      | jimonade the Djinni Gladiator began the quest for the Orb.
     0 | D:1      | Reached XP level 1. HP: 18/18 MP: 0/0
   181 | D:1      | Found Veghau's Jewellery Shoppe.
   307 | D:1      | Reached XP level 2. HP: 23/23 MP: 0/0
   378 | D:1      | Found a faded altar of an unknown god.
   612 | D:1      | HP: 1/23 [frozen (4)]
   614 | D:1      | Frozen to death by an endoplasm

Illustrated notes

Levels and vault maps discovered:
D:1:      dpeg_arrival_water_fire, layout_rooms, serial_shops, shop_fountains,
          shapermc_ecumenical_altar_notcrosses

Skill      XL: |  1  2 |
---------------+-------+-----
Staves         | 3 |  3.0
Fighting       | |  2.1
Throwing       | |  1.5
Armour         | |  0.1
Dodging        | |  3.5
Spellcasting   | |  0.1

Action                   || total
-------------------------++-------
Melee: Quarterstaff      ||    43
Armor: Leather armour    ||    16
Dodge: Dodged            ||    33

Table legend: (Time is in decaauts)
 A = Elapsed time spent in this place.
 B = Non-inter-level travel time spent in this place.
 C = Inter-level travel time spent in this place.
 D = Time resting spent in this place.
 E = Time spent auto-exploring this place.
 F = Levels seen in this place.
 G = Mean time per level.
                   A        B        C        D        E       F      G
               +--------+--------+--------+--------+--------+-----+--------+
         Total |    620 |    620 |      0 |      0 |    488 |   1 |  620.0 |
       Dungeon |    620 |    620 |      0 |      0 |    488 |   1 |  620.0 |
               +--------+--------+--------+--------+--------+-----+--------+

Top non-repeatable levels by time:
     D:1: 620 daAuts
